 Dungeon Crawl Stone Soup version 0.29.1-2-gbd0b4ee654 (webtiles) character file.

Game seed: 12240561456615746438

214 GorkyZ the Trooper (level 5, -1/42 HPs)
             Began as a Demonspawn Fighter on Nov 19, 2022.
             Slain by an iguana (7 damage)
             ... on level 5 of the Dungeon.
             The game lasted 00:11:01 (4069 turns).

GorkyZ the Trooper (Demonspawn Fighter)             Turns: 4069, Time: 00:11:02

Health: -1/42      AC:  8    Str: 17    XL:     5   Next: 60%
Magic:  15/15      EV:  9    Int: 13    God:
Gold:   264        SH:  4    Dex: 12    Spells: 5/6 levels left

rFire   . . .      SeeInvis .   a - +0 flail
rCold   . . .      Faith    .   c - +0 buckler
rNeg    . . .      Spirit   .   b - +0 scale mail
rPois   .          Reflect  .   p - +0 helmet
rElec   .          Harm     .   (no cloak)
rCorr   .          Rampage  .   (no gloves)
Will    .....                   (no boots)
Stlth   ..........              (no amulet)
HPRegen 0.14/turn               m - ring of magical power
MPRegen 0.28/turn               (no ring)

@: no status effects
A: magic regeneration, weakness stinger 1, clever 1, mutation resistance 1,
MP-powered wands
a: no special abilities


You were on level 5 of the Dungeon.
You visited 1 branch of the dungeon, and saw 5 of its levels.

You collected 264 gold pieces.

Inventory:

Hand Weapons
 a - a +0 flail (weapon)
Missiles
 f - 9 boomerangs (quivered)
Armour
 b - a +0 scale mail (worn)
 c - a +0 buckler (worn)
 p - a +0 helmet (worn)
Jewellery
 m - a ring of magical power (left hand)
Scrolls
 e - 3 scrolls of enchant armour {unknown}
 g - 3 scrolls of identify
 h - a scroll of poison {unknown}
 i - a scroll of teleportation {unknown}
 j - a scroll of silence {unknown}
 n - a scroll of blinking {unknown}
 q - a scroll of brand weapon {unknown}
 r - a scroll of magic mapping {unknown}
 s - a scroll of fear {unknown}
 u - a scroll of enchant weapon {unknown}
 v - a scroll of fog {unknown}
 w - a scroll of vulnerability {unknown}
Potions
 d - a potion of might
 k - 2 potions of curing
 l - 3 potions of berserk rage
 o - a potion of invisibility
 t - a potion of lignification {unknown}
 x - a potion of magic {unknown}


   Skills:
 + Level 3.7 Fighting
 - Level 2.3 Maces & Flails
 - Level 0.5 Throwing
 - Level 3.5 Armour
 + Level 1.0 Dodging
 - Level 3.4 Shields
 + Level 1.1 Spellcasting
 + Level 1.3 Conjurations
 + Level 1.0 Air Magic


You had 5 spell levels left.
You knew the following spells:

 Your Spells              Type           Power      Damage    Failure   Level
a - Foxfire               Conj/Fire      8%         2x1d4     67%         1

Your spell library contained the following spells:

 Spells                   Type           Power      Damage    Failure   Level
 Conjure Flame            Conj/Fire      2%         6-21      95%         3
 Gell's Gravitas          Tloc           0%         N/A       98%         3
 Inner Flame              Hex/Fire       0%         N/A       98%         3
 Teleport Other           Tloc           0%         N/A       98%         3
 Flame Wave               Conj/Fire      2%         2d4       100%        4
 Dispersal                Tloc           0%         N/A       100%        6


Dungeon Overview and Level Annotations

Branches:
Dungeon (5/15)
 Temple: D:4-7

Altars:
Trog


Innate Abilities, Weirdness & Mutations

You regenerate magic rapidly.
You have a small tail.
Your mind is acute. (Int +4, Str/Dex -1)
You are somewhat resistant to further mutation.
You expend magic power (3 MP) to strengthen your wands.


Message History

The black bear claws you but does no damage.
You hit the black bear.
You kill the black bear!
Your Dodging skill increases to level 1!
Your Spellcasting skill increases to level 1!
Your Conjurations skill increases to level 1!
Your Air Magic skill increases to level 1!
You have reached level 5!
Magic restored.
HP restored.
e - 3 scrolls labelled NIERGHACLEA (gained 1)
Found a stone staircase leading up.
Found 8 stones.
You now have 264 gold pieces (gained 13).
An iguana comes into view.
The iguana hisses angrily.
The iguana bites you!
You closely miss the iguana. You block the iguana's attack.
You hit the iguana but do no damage. The iguana bites you! x2
You are too injured to fight recklessly!
You are too injured to fight recklessly!
You are too injured to fight recklessly!
You are too injured to fight recklessly!
You are too injured to fight recklessly!
You are too injured to fight recklessly!
You are too injured to fight recklessly!
You are too injured to fight recklessly!
You are too injured to fight recklessly!
You barely miss the iguana. You tail-slap the iguana.
The iguana is moderately wounded.
The iguana closely misses you.
You barely miss the iguana.
The iguana is moderately wounded.
The iguana bites you!
* * * LOW HITPOINT WARNING * * *
You closely miss the iguana.
You tail-slap the iguana, but do no damage.
The iguana is moderately wounded.
The iguana completely misses you. The iguana bites you!
You die...

###### ## ##....###
#.. .......# #..
#......# #..####
#.....# #....##
#....# ###.....##
#.@l# ##........##
##.#.#
...........###..###
............##..#
.............#.##
...............#
...............#
..............##
..............#


You could see an iguana.

Vanquished Creatures
  A black bear (D:5)
  An orc priest (D:4)
  2 adders
  A dart slug (D:4)
  4 orcs
  5 bats
  5 endoplasms
  A giant cockroach (D:3)
  8 goblins
  9 hobgoblins
  2 jackals (D:4)
  3 kobolds
  3 quokkas
  7 ball pythons
  A frilled lizard (D:3)
  6 rats
59 creatures vanquished.

Notes
Turn   | Place    | Note
-------+----------+-------------------------------------------
     0 | D:1      | GorkyZ the Demonspawn Fighter began the quest for the Orb.
     0 | D:1      | Reached XP level 1. HP: 18/18 MP: 1/1
   419 | D:1      | Discovered your monstrous ancestry.
   419 | D:1      | Gained mutation: You have a small tail. [demonic ancestry]
   419 | D:1      | Reached XP level 2. HP: 23/24 MP: 2/2
  1433 | D:2      | Reached XP level 3. HP: 29/29 MP: 3/3
  1505 | D:2      | Found a faded altar of an unknown god.
  2345 | D:3      | Gained mutation: You expend magic power (3 MP) to
                  | strengthen your wands. [potion of mutation]
  2345 | D:3      | Gained mutation: Your mind is acute. (Int +4, Str/Dex -1)
                  | [potion of mutation]
  2345 | D:3      | Gained mutation: You are somewhat resistant to further
                  | mutation. [potion of mutation]
  2509 | D:3      | Gained mutation: You regenerate magic rapidly. [demonic
                  | ancestry]
  2509 | D:3      | Reached XP level 4. HP: 35/35 MP: 4/4
  2724 | D:3      | Learned a level 1 spell: Foxfire
  3053 | D:4      | Found a bloodstained altar of Trog.
  3762 | D:5      | Entered Level 5 of the Dungeon
  3772 | D:5      | Noticed a black bear
  3787 | D:5      | Killed a black bear
  3788 | D:5      | Reached skill level 1 in Dodging
  3788 | D:5      | Reached skill level 1 in Spellcasting
  3788 | D:5      | Reached skill level 1 in Conjurations
  3788 | D:5      | Reached skill level 1 in Air Magic
  3788 | D:5      | Reached XP level 5. HP: 14/42 MP: 6/6
  4069 | D:5      | Slain by an iguana

Illustrated notes

Levels and vault maps discovered:
D:1:      lightli_arrival_farm, layout_basic
D:2:      layout_basic, hellmonk_ecumenical_altar_blasted
D:3:      minmay_angry_zag, layout_rooms, chequers_arboretum,
          minmay_fountain_box
D:4:      layout_loops_cross, lemuel_doored_altar,
          nicolae_concentric_dashed_squares_mild
D:5:      layout_cave_pods, serial_park_tiny_1

Skill      XL: |  1  2  3  4 |
---------------+-------------+-----
Maces & Flails | 2 |  2.3
Shields        | 3 |  3.4
Armour         | 3 |  3.5
Dodging        | 1 |  1.0
Spellcasting   | 1 |  1.1
Conjurations   | 1 |  1.3
Air Magic      | 1 |  1.0
Fighting       | |  3.7
Throwing       | |  0.5

Action                   |  1- 3 |  4- 6 || total
-------------------------+-------+-------++-------
Melee: Flail             |   113 |    55 ||   168
       Tailslap          |     6 |     8 ||    14
  Use: Scroll            |     4 |       ||     4
       Potion            |     1 |       ||     1
Armor: Scale mail        |    52 |    37 ||    89
Dodge: Dodged            |    56 |    30 ||    86
Block: Buckler           |    22 |     9 ||    31
